AoeStats
← [JaMx] K@l-El

Nomad

508588119Analyzed
2v2 RM · 11d ago on Sep 23, 2026· 24m 0s· 4 players
Game mode
Random Map
Map size
176×176
Population
200
Speed
Normal
Resources
Standard
Victory
Conquest
Starting age
Dark Age
Ending age
Imperial Age
RankedLock teamsTeams togetherTeam positionsShared explorationLock speedFull tech treeHidden civsTurbo modeCheats
Victory
Defeat
🇨🇳 Danes · China
1375
+18
1339
+19
🇲🇽 Saxons · Mexico
1468
-21
🇲🇽 Mongols · Mexico
1355
-16
| ArCas | Cristiano Onagro
5:25 Loom
13:19 Feudal Age
17:37 Castle Age
16:36 Wheelbarrow
18:40 Fishing Lines
19:39 Wheelbarrow
18:51 Double-Bit Axe
19:33 Gold Mining
20:33 Forging
20:31 Scale Mail Armor
20:28 Horse Collar
23:14 Iron Casting
我是你大飞哥
5:21 Loom
13:52 Feudal Age
18:26 Castle Age
17:01 Gold Mining
16:59 Double-Bit Axe
17:21 Fletching
18:11 Fishing Lines
19:41 Bodkin Arrow
22:14 Squires
23:00 Arson
[JaMx] K@l-El
11:36 Feudal Age
15:13 Fletching
22:43 Castle Age
21:01 Padded Archer Armor
Jalayas
11:17 Loom
13:33 Feudal Age
14:46 Double-Bit Axe
17:10 Fishing Lines
18:58 Horse Collar
22:29 Castle Age
20:54 Fletching
22:03 Gold Mining
23:44 Bodkin Arrow
Connection lost

Rejoining the realm…

Still unreachable

The connection could not be restored.

Session expired

The server has moved on; the page needs a fresh start.